cohdb
Replays
Latest Replays
All Replays
Popular Replays
Top Player Replays
Match Explorer
How It Works
Community
CoH3 Stats
Reddit
Sign in to upload your games and track your stats! →
Sign in with Steam
Match 42468796
Unlisted
Match 42468796
Overview
Messages
Build Orders
End
Scout Squad
Selects Airborne Battlegroup
Selects Pathfinders
Construct Barracks
Riflemen Squad
Riflemen Squad
Riflemen Squad
Riflemen Squad
Grenade Package
Selects Paratrooper Squad Paradrop
Infantry Support Center
M1918 Browning Automatic Rifles
Selects Anti-tank Gun Team Paradrop
Anti-tank Gun Team Paradrop
Advanced Logistics
Selects Recon Loiter
Selects Supply Drop
Survival Training
嫂子别回头我是我哥
TechBee
Penazh
MonoChrome
0
0
Comments
sign in to comment!
No comments posted yet!